 Dungeon Crawl Stone Soup version 0.24-a0-585-g5c5dc1b5cb (webtiles) character file.

Game seed: 7045727808455848692, levelgen mode: deterministic

117360 LabCoat the Severer (level 16, -4/147 HPs)
             Began as a Hill Orc Fighter on Sept 5, 2019.
             Was the Champion of Trog.
             Killed from afar by a nagaraja (14 damage)
             ... with an orb of energy
             ... on level 4 of the Snake Pit on Sept 7, 2019.
             The game lasted 02:26:43 (25316 turns).

LabCoat the Severer (Hill Orc Fighter)             Turns: 25316, Time: 02:26:44

Health: -4/147     AC: 27    Str: 24    XL:     16   Next: 73%
Magic:  0/22       EV:  9    Int: 15    God:    Trog [******]
Gold:   1702       SH: 14    Dex: 19    Spells: 15/15 levels left

rFire    + . .     SeeInvis .   Z - +8 war axe "Urghadd" {freeze, rElec rF+ rN+ Str-2}
rCold    x . .     Gourm    .   c - +0 shield
rNeg     + + +     Faith    .   y - +2 plate armour
rPois    +         Spirit   +   R - +1 helmet of Prudence {+Fly rC- Regen+ Dex+4}
rElec    +         Reflect  .   J - +2 cloak
rCorr    .         Harm     .   (no gloves)
MR       .....                  N - +2 pair of boots
Stlth    ..........             z - amulet "Xyin" {Spirit rN++ MR- Int+7}
HPRegen  0.74/turn              t - ring "Dacsi" {*Contam rElec rPois EV+5 Slay+3}
MPRegen  0.18/turn              M - +5 ring of dexterity

@: lethally poisoned (-4 -> -5), berserk cooldown, slowed, constricted, very
slow
A: deterioration 1
a: Berserk, Trog's Hand, Brothers in Arms, Renounce Religion, Evoke Flight


You were on level 4 of the Snake Pit.
You worshipped Trog.
Trog was exalted by your worship.
You were not hungry.

You visited 5 branches of the dungeon, and saw 25 of its levels.
You also visited: Ice Cave.

You collected 2634 gold pieces.
You spent 932 gold pieces at shops.

Inventory:

Hand Weapons
 A - a +2 morningstar
 O - a +3 broad axe
 Z - the +8 war axe "Urghadd" (weapon) {freeze, rElec rF+ rN+ Str-2}
   (You bought it in a shop on level 2 of the Orcish Mines)

   It has been specially enchanted to freeze those struck by it, causing extra
   injury to most foes and up to half again as much damage against particularly
   susceptible opponents.
   It can also slow down cold-blooded creatures.
   It affects your strength (-2).
   It protects you from fire.
   It insulates you from electricity.
   It protects you from negative energy.
Missiles
 E - 38 poisoned darts (quivered)
Armour
 c - a +0 shield (worn)
 d - a scarf of spirit shield
 n - +0 swamp dragon scales
 r - +0 fire dragon scales
 u - +0 acid dragon scales
 y - a +2 plate armour (worn)
 J - a +2 cloak (worn)
 N - a +2 pair of boots (worn)
 R - the +1 helmet of Prudence (worn) {+Fly rC- Regen+ Dex+4}
   (You acquired it on level 4 of the Lair of Beasts)

   It affects your dexterity (+4).
   It makes you vulnerable to cold.
   It lets you fly.
   It increases your rate of regeneration.
Jewellery
 e - an uncursed ring of ice
 t - the ring "Dacsi" (left hand) {*Contam rElec rPois EV+5 Slay+3}
   (You found it on level 6 of the Dungeon)

   [ring of evasion]

   It affects your evasion (+5).
   It affects your accuracy and damage with ranged weapons and melee attacks
   (+3).
   It insulates you from electricity.
   It protects you from poison.
   It causes magical contamination when unequipped.
 x - an uncursed ring of resist corrosion
 z - the amulet "Xyin" (around neck) {Spirit rN++ MR- Int+7}
   (You acquired it on level 4 of the Lair of Beasts)

   [amulet of guardian spirit]

   It causes incoming damage to be split between your health and magic.
   It affects your intelligence (+7).
   It greatly protects you from negative energy.
   It affects your resistance to hostile enchantments.
 M - a +5 ring of dexterity (right hand)
 P - an uncursed ring of ice
 U - an uncursed ring of stealth
 V - an uncursed ring of protection from magic
 W - an uncursed ring of poison resistance
Wands
 i - a wand of paralysis (16)
 j - a wand of polymorph (3)
 m - a wand of scattershot (6)
 o - a wand of clouds (14)
 v - a wand of acid (9)
 H - a wand of digging (6)
 I - a wand of enslavement (12)
 L - a wand of flame (19)
 Q - a wand of iceblast (26)
 T - a wand of random effects (38)
Scrolls
 g - 6 scrolls of remove curse
 q - 10 scrolls of teleportation
 s - 3 scrolls of magic mapping
 C - 3 scrolls of fog
 D - 2 scrolls of fear
 G - 3 scrolls of holy word
 S - 2 scrolls of silence
Potions
 b - 2 potions of haste
 h - 3 potions of invisibility
 l - 2 potions of agility
 p - a potion of brilliance
 w - a potion of cancellation
 B - 2 potions of ambrosia
 F - 3 potions of might
 X - a potion of berserk rage
Comestibles
 f - 36 rations


   Skills:
 + Level 14.9 Fighting
 - Level 18.6(19.9) Axes
 * Level 11.1(14.8) Maces & Flails
 + Level 6.3 Throwing
 + Level 12.5 Armour
 + Level 13.6 Shields
 * Level 8.5 Evocations


You had 15 spell levels left.
You didn't know any spells.
Your spell library contained the following spells:

 Spells                   Type           Power        Failure   Level  Hunger
 Animate Skeleton         Necr           N/A          96%         1    ##.....
 Apportation              Tloc           #.....       96%         1    ##.....
 Beastly Appendage        Tmut           #.....       96%         1    ##.....
 Confusing Touch          Hex            #.....       96%         1    ##.....
 Corona                   Hex            #......      96%         1    ##.....
 Freeze                   Ice            #...         96%         1    ##.....
 Summon Butterflies       Summ           #.......     96%         1    ##.....
 Summon Small Mammal      Summ           #...         96%         1    ##.....
 Call Imp                 Summ           #.......     99%         2    ###....
 Corpse Rot               Necr           N/A          99%         2    ###....
 Ensorcelled Hibernation  Hex/Ice        #.....       99%         2    ###....
 Sticks to Snakes         Tmut           #.......     99%         2    ###....
 Sublimation of Blood     Necr           #.........   99%         2    ###....
 Throw Frost              Conj/Ice       #.....       99%         2    ###....
 Call Canine Familiar     Summ           #.......     100%        3    ####...
 Confuse                  Hex            #.......     100%        3    ####...
 Dazzling Spray           Conj/Hex       #.....       100%        3    ####...
 Ozocubu's Armour         Chrm/Ice       #.......     100%        3    ####...
 Spider Form              Tmut/Pois      #.........   100%        3    ####...
 Summon Guardian Golem    Hex/Summ       #.......     100%        3    ####...
 Tukima's Dance           Hex            #.......     100%        3    ####...
 Ice Form                 Ice/Tmut       #.......     100%        4    #####..
 Leda's Liquefaction      Hex/Erth       #.........   100%        4    #####..
 Summon Ice Beast         Ice/Summ       #.......     100%        4    #####..
 Summon Lightning Spire   Summ/Air       #.......     100%        4    #####..
 Throw Icicle             Conj/Ice       #.......     100%        4    #####..
 Agony                    Necr           #.......     100%        5    ######.
 Blade Hands              Tmut           #.........   100%        5    ######.
 Bolt of Draining         Conj/Necr      #.........   100%        5    ######.
 Bolt of Magma            Conj/Fire/Erth #.........   100%        5    ######.
 Dispel Undead            Necr           #.......     100%        5    ######.
 Excruciating Wounds      Chrm/Necr      #.........   100%        5    ######.
 Summon Mana Viper        Hex/Summ       #.......     100%        5    ######.
 Iron Shot                Conj/Erth      #.........   100%        6    #######
 Statue Form              Tmut/Erth      #........    100%        6    #######
 Summon Hydra             Summ           #.........   100%        7    #######
 Shatter                  Erth           #.........   100%        9    #######


Dungeon Overview and Level Annotations

Branches:
Dungeon (12/15)            Temple (1/1) D:4            Lair (6/6) D:11
 Shoals (0/4) Lair:3        Snake (4/4) Lair:2        Slime (0/5) Lair:6
    Orc (2/2) D:12            Elf (0/3) Orc:2         IceCv (visited)

Altars:
Ashenzari
Cheibriados
Dithmenos
Elyvilon
Fedhas
Gozag
Hepliaklqana
Kikubaaqudgha
Makhleb
Nemelex Xobeh
Okawaru
Qazlal
Ru
Sif Muna
Trog
Uskayaw
Vehumet
Wu Jian
Xom
Yredelemnul
Zin
The Shining One
Beogh

Shops:
Orc:1 [   Orc:2 (*:*:   Snake:1 }}=

Portals:
Trove: D:10 (give +4 storm dragon scales)

Annotations:
Lair:5 2 transporters, Uhin Nir's ghost, journeyman MiBe
Orc:2 1 runed translucent door, Mame's ghost, journeyman HOFi


Innate Abilities, Weirdness & Mutations

Your body sometimes deteriorates upon taking damage.


Message History

The nagaraja constricts you.
Your stone giant hits the naga warrior!!!
You block the nagaraja's attack. The nagaraja constricts you.
The naga warrior hits your stone giant with a +0 trident.
Okay, then.
You eat one of the 37 rations.
That ration really hit the spot!
Your stone giant barely misses the naga warrior.
The nagaraja spits poison at you.
The splash of poison hits you but does no damage.
You are poisoned.
You resist. The nagaraja constricts you.
Your stone giant hits the naga warrior!!!
The naga warrior dies!
Trog accepts your kill.
The naga sharpshooter spits poison at you.
The splash of poison hits your stone giant but does no damage.
Your stone giant looks as sick as possible!
The nagaraja casts a spell at you. The orb of energy hits you!
You die...

#########
#######.......######
##...(.....)()......####
......(((...N))N.......###
.....##.#######C@........#
...##.### #N##.)......# ..
#.. .. #.#........# .
....... ######.....# .....
#....# ..... #...# ....
#..# .... ...


You could see a nagaraja, a naga sharpshooter, a naga ritualist and a friendly
stone giant (berserk).

Vanquished Creatures
  9 nagarajas
  An orc warlord (Orc:1)
  Nessos (D:12)
  2 fire dragons (Lair:6)
  Fannar (D:12)
  4 hydras
  6 anacondas
  5 naga warriors
  4 two-headed ogres
  4 death yaks (Lair:6)
  7 naga sharpshooters
  3 orc high priests (Orc:2)
  3 shock serpents
  Sonja (D:12)
  2 salamander mystics (Snake:2)
  3 naga ritualists
  A lindwurm (Lair:6)
  6 orc knights
  A swamp dragon (Lair:6)
  5 orc sorcerers (Orc:2)
  10 mana vipers
  A cyclops (D:11)
  A manticore (Lair:3)
  5 ugly things
  3 salamanders
  9 elephants
  22 black mambas
  21 naga magi
  2 ice statues (IceCv)
  5 torpor snails (Lair:6)
  8 spiny frogs
  3 rime drakes (Lair:6)
  8 komodo dragons
  8 trolls
  3 polar bears
  4 tyrant leeches (Lair:6)
  15 blink frogs
  Grinder (D:4)
  4 slime creatures
  11 hornets
  9 hippogriffs
  A wraith (D:11)
  A shadow (D:12)
  36 yaks
  2 wyverns
  3 basilisks
  A hungry ghost (D:10)
  A vampire mosquito (D:12)
  A steam dragon (Lair:6)
  3 wargs
  Edmund (D:5)
  31 nagas
  13 water moccasins
  3 acid dragons (Lair:6)
  7 porcupines
  A swamp drake (Lair:6)
  25 orc warriors
  4 black bears
  A sky beast (D:9)
  16 ice beasts
  5 phantoms
  4 boggarts (Lair:6)
  14 wolves
  8 ogres
  An eye of draining (D:11)
  6 centaurs
  9 crocodiles
  20 bullfrogs
  2 big kobolds
  2 scorpions
  A wyvern skeleton (D:7)
  12 wights
  2 electric eels (Lair:1)
  A howler monkey (D:11)
  A centaur zombie (D:11)
  9 crimson imps
  6 jellies
  A bullfrog zombie (D:5)
  7 hounds
  A quasit (D:7)
  A wyvern simulacrum (D:10)
  5 bullfrog skeletons
  8 orc priests
  17 orc wizards
  A gnoll shaman (Orc:1)
  Crazy Yiuf (D:2)
  3 centaur skeletons
  8 iguanas
  9 worker ants
  2 killer bee zombies (D:9)
  A hound zombie (D:9)
  3 hound skeletons
  Robin (D:3)
  17 adders
  2 howler monkey skeletons
  17 gnolls
  A hound simulacrum (D:10)
  4 shadow imps
  A howler monkey simulacrum (D:10)
  2 worker ant simulacra (D:10)
  5 oozes
  2 adder zombies (D:7)
  An adder skeleton (D:4)
  5 worms
  2 dart slugs
  6 leopard geckos
  76 orcs
  A ball python (D:3)
  7 bats
  A giant cockroach (D:2)
  18 goblins
  11 hobgoblins
  9 jackals
  3 quokkas
  4 frilled lizards
  20 kobolds
  A quokka skeleton (D:7)
  6 rats
  2 bushes (D:11)
  8 plants
777 creatures vanquished.

Vanquished Creatures (collateral kills)
  A naga warrior (Snake:4)
  An anaconda (Snake:4)
  An orc knight (Orc:2)
  A naga ritualist (Snake:4)
  A mana viper (Snake:4)
  An orc priest (Orc:2)
6 creatures vanquished.

Vanquished Creatures (others)
  A naga ritualist (Snake:2)
  A naga mage (Snake:4)
  2 nagas
  4 bushes (D:11)
  5 fungi
  6 plants (Lair:6)
19 creatures vanquished.

Grand Total: 802 creatures vanquished

Notes
Turn   | Place    | Note
-------+----------+-------------------------------------------
     0 | D:1      | LabCoat the Hill Orc Fighter began the quest for the Orb.
     0 | D:1      | Reached XP level 1. HP: 19/19 MP: 1/1
   236 | D:1      | Found a shimmering altar of Xom.
   319 | D:1      | Reached skill level 3 in Axes
   319 | D:1      | Reached XP level 2. HP: 23/27 MP: 2/2
   696 | D:2      | Reached XP level 3. HP: 33/33 MP: 3/3
   706 | D:2      | Found a faded altar of an unknown god.
   726 | D:2      | Reached skill level 4 in Axes
   771 | D:2      | Reached XP level 4. HP: 29/40 MP: 4/4
   950 | D:2      | Found an opulent altar of Gozag.
  1143 | D:2      | Found a hide-covered altar of Uskayaw.
  1143 | D:2      | Found an iron altar of Okawaru.
  1164 | D:2      | Found an opulent altar of Gozag.
  1190 | D:2      | Reached skill level 5 in Axes
  1425 | D:2      | Found a runed translucent door.
  1426 | D:2      | Noticed Crazy Yiuf
  1443 | D:2      | Killed Crazy Yiuf
  1443 | D:2      | Reached XP level 5. HP: 18/46 MP: 5/5
  2152 | D:3      | Noticed Robin
  2164 | D:3      | Reached skill level 6 in Axes
  2174 | D:3      | Killed Robin
  2473 | D:3      | Reached XP level 6. HP: 51/52 MP: 6/6
  2740 | D:4      | Found a staircase to the Ecumenical Temple.
  2767 | Temple   | Entered the Ecumenical Temple
  2989 | Temple   | Became a worshipper of Trog the Wrathful
  3233 | D:4      | Noticed Grinder
  3253 | D:4      | Killed Grinder
  3253 | D:4      | Reached skill level 7 in Axes
  3253 | D:4      | Reached XP level 7. HP: 29/60 MP: 7/7
  3444 | D:4      | Reached skill level 8 in Axes
  4087 | D:5      | Entered Level 5 of the Dungeon
  4098 | D:5      | Reached skill level 9 in Axes
  4189 | D:5      | Noticed Edmund
  4211 | D:5      | Killed Edmund
  4211 | D:5      | Reached skill level 5 in Fighting
  4211 | D:5      | Reached XP level 8. HP: 54/68 MP: 8/8
  4469 | D:5      | Reached skill level 10 in Axes
  4505 | D:5      | Found a glowing golden altar of the Shining One.
  4846 | D:6      | Reached * piety under Trog
  4910 | D:6      | Reached skill level 5 in Armour
  5064 | D:6      | Reached skill level 11 in Axes
  5152 | D:6      | Got a wavering tin ring
  5154 | D:6      | Identified the ring "Dacsi" {*Contam rElec rPois EV+5
                  | Slay+3} (You found it on level 6 of the Dungeon)
  5160 | D:6      | Reached skill level 5 in Shields
  5347 | D:6      | Reached XP level 9. HP: 69/75 MP: 9/9
  5415 | D:6      | Reached skill level 12 in Axes
  5443 | D:6      | Reached skill level 1 in Throwing
  5947 | D:7      | Reached skill level 13 in Axes
  6172 | D:7      | Reached ** piety under Trog
  6707 | D:8      | Noticed a two-headed ogre
  6715 | D:8      | Killed a two-headed ogre
  6715 | D:8      | Reached *** piety under Trog
  6715 | D:8      | Reached skill level 14 in Axes
  6715 | D:8      | Reached XP level 10. HP: 73/84 MP: 10/10
  7517 | D:8      | Noticed a two-headed ogre
  7528 | D:8      | Killed a two-headed ogre
  7528 | D:8      | Reached skill level 15 in Axes
  8042 | D:9      | Found a shimmering altar of Xom.
  8137 | D:9      | Reached XP level 11. HP: 89/92 MP: 11/11
  8295 | D:9      | Reached **** piety under Trog
  8500 | D:9      | Reached skill level 16 in Axes
  8715 | D:10     | Entered Level 10 of the Dungeon
  9531 | D:10     | Found a portal to a secret trove of treasure.
 11093 | D:10     | Received a gift from Trog
 11107 | D:11     | Noticed a cyan ugly thing
 11241 | D:11     | Killed a cyan ugly thing
 11262 | D:11     | Found a staircase to the Lair.
 11337 | D:11     | Noticed a cyclops
 11344 | D:11     | Killed a cyclops
 11460 | D:11     | Noticed a brown ugly thing
 11473 | D:11     | Killed a brown ugly thing
 11498 | D:11     | Reached skill level 17 in Axes
 11528 | D:11     | Reached ***** piety under Trog
 11659 | D:11     | Noticed a two-headed ogre
 11671 | D:11     | Killed a two-headed ogre
 11671 | D:11     | Reached XP level 12. HP: 68/104 MP: 12/12
 12234 | Lair:1   | Entered Level 1 of the Lair of Beasts
 12315 | Lair:1   | Noticed an eight-headed hydra
 12324 | Lair:1   | Killed an eight-headed hydra
 12397 | Lair:1   | Found a frozen archway.
 12398 | Lair:1   | Gained mutation: Your body sometimes deteriorates upon
                  | taking damage. [mutagenic glow]
 12406 | IceCv    | Entered an ice cave
 12407 | IceCv    | Found a transporter.
 12474 | IceCv    | Found a transporter.
 12505 | IceCv    | Reached skill level 1 in Maces & Flails
 13002 | Lair:1   | Noticed a six-headed hydra
 13010 | Lair:1   | Killed a six-headed hydra
 13010 | Lair:1   | Reached skill level 18 in Axes
 13743 | Lair:2   | Reached skill level 10 in Fighting
 13853 | Lair:2   | Found a staircase to the Snake Pit.
 13912 | Lair:2   | Reached XP level 13. HP: 101/113 MP: 13/13
 14578 | Lair:3   | Reached skill level 1 in Evocations
 15077 | Lair:3   | Received a gift from Trog
 15383 | Lair:3   | Found a staircase to the Shoals.
 15773 | Lair:4   | Reached skill level 5 in Throwing
 15791 | Lair:4   | Reached skill level 10 in Shields
 16230 | Lair:4   | Identified 3 scrolls of acquirement
 16233 | Lair:4   | Got a warped helmet
 16244 | Lair:4   | Identified the +1 helmet of Prudence {+Fly rC- Regen+
                  | Dex+4} (You acquired it on level 4 of the Lair of Beasts)
 16247 | Lair:4   | Got an ancient zirconium amulet
 16248 | Lair:4   | Identified the amulet "Xyin" {Spirit rN++ MR- Int+7} (You
                  | acquired it on level 4 of the Lair of Beasts)
 16682 | Lair:5   | Identified the cursed +3 trident of Sloth {vamp, Fragile
                  | rC++ Str+3}
 16684 | Lair:5   | Identified the +6 demon trident of Animal Spirits
                  | {antimagic, rF+ SInv}
 16689 | Lair:5   | Found a transporter.
 16691 | Lair:5   | Found a transporter.
 16726 | Lair:5   | Found an opulent altar of Gozag.
 16851 | Lair:5   | Noticed Uhin Nir's ghost (journeyman MiBe)
 16884 | Lair:5   | Found a bloodstained altar of Trog.
 17170 | Lair:6   | Entered Level 6 of the Lair of Beasts
 17502 | Lair:6   | Reached skill level 5 in Maces & Flails
 17605 | Lair:6   | Reached XP level 14. HP: 120/125 MP: 13/17
 17632 | Lair:6   | Found a staircase to the Slime Pits.
 17666 | Lair:6   | Received a gift from Trog
 17769 | Lair:6   | Reached skill level 10 in Armour
 18297 | Lair:6   | Found a runed translucent door.
 18407 | Lair:6   | Received a gift from Trog
 18764 | Lair:6   | Reached skill level 5 in Evocations
 19329 | D:12     | Noticed Fannar
 19344 | D:12     | Killed Fannar
 19758 | D:12     | Reached ****** piety under Trog
 19810 | D:12     | Found a staircase to the Orcish Mines.
 19823 | D:12     | Received a gift from Trog
 19850 | D:12     | Noticed Nessos
 19860 | D:12     | Killed Nessos
 19875 | D:12     | Noticed Sonja
 19899 | D:12     | Killed Sonja
 20441 | Orc:1    | Entered Level 1 of the Orcish Mines
 20512 | Orc:1    | Received a gift from Trog
 20631 | Orc:1    | Found Noseecoi's Armour Boutique.
 20731 | Orc:1    | Received a gift from Trog
 20785 | Orc:1    | Noticed an orc warlord
 20821 | Orc:1    | Killed an orc warlord
 21019 | Orc:2    | Entered Level 2 of the Orcish Mines
 21049 | Orc:2    | Paralysed by an orc sorcerer for 6 turns
 21067 | Orc:2    | Reached XP level 15. HP: 110/134 MP: 10/19
 21071 | Orc:2    | Found a staircase to the Elven Halls.
 21242 | Orc:2    | Found a runed translucent door.
 21248 | Orc:2    | Noticed Mame's ghost (journeyman HOFi)
 21388 | Orc:2    | Paralysed by an orc sorcerer for 7 turns
 21436 | Orc:2    | Found Qiojaibe's Book Shop.
 21451 | Orc:2    | Found a roughly hewn altar of Beogh.
 21584 | Orc:2    | Paralysed by an orc sorcerer for 2 turns
 21587 | Orc:2    | Received a gift from Trog
 21620 | Orc:2    | Found Deekhay's General Store.
 21620 | Orc:2    | Found Iquutz's Book Emporium.
 21622 | Orc:2    | Found Jeycwa's General Store.
 21622 | Orc:2    | Found Zamolat's Antique Weapon Emporium.
 21630 | Orc:2    | Bought a scroll of identify for 30 gold pieces
 21630 | Orc:2    | Bought a scroll of magic mapping for 52 gold pieces
 21631 | Orc:2    | Bought an encrusted war axe for 255 gold pieces
 21631 | Orc:2    | Bought an iridescent war axe for 255 gold pieces
 21631 | Orc:2    | Identified the cursed +1 war axe of Fortitude {freeze, rN+
                  | Stlth+} (You bought it in a shop on level 2 of the Orcish
                  | Mines)
 21633 | Orc:2    | Identified the +8 war axe "Urghadd" {freeze, rElec rF+ rN+
                  | Str-2} (You bought it in a shop on level 2 of the Orcish
                  | Mines)
 22032 | Snake:1  | Entered Level 1 of the Snake Pit
 22036 | Snake:1  | Found Aqujezobuu's Gadget Shop.
 22037 | Snake:1  | Found Naumeam's Jewellery Emporium.
 22051 | Snake:1  | Found Riyh's Gadget Shop.
 22063 | Snake:1  | Bought a wand of digging (6) for 340 gold pieces
 22854 | Snake:2  | Noticed a nagaraja
 22869 | Snake:2  | Killed a nagaraja
 22923 | Snake:2  | Found a transporter.
 22929 | Snake:2  | Found a shimmering blue altar of Sif Muna.
 22931 | Snake:2  | Noticed a nagaraja
 22932 | Snake:2  | Noticed a nagaraja
 22932 | Snake:2  | Noticed a nagaraja
 22938 | Snake:2  | Noticed a nagaraja
 22951 | Snake:2  | Noticed a nagaraja
 22951 | Snake:2  | Noticed a nagaraja
 22967 | Snake:2  | Killed a nagaraja
 23024 | Snake:2  | Reached skill level 10 in Maces & Flails
 23356 | Snake:2  | Received a gift from Trog
 23644 | Snake:2  | Killed a nagaraja
 23648 | Snake:2  | Killed a nagaraja
 23653 | Snake:2  | Killed a nagaraja
 23662 | Snake:2  | Killed a nagaraja
 23662 | Snake:2  | Reached XP level 16. HP: 69/146 MP: 11/21
 23662 | Snake:2  | Killed a nagaraja
 23810 | Snake:2  | Found a transporter.
 24061 | Snake:3  | Upgraded the game from 0.24-a0-584-g9d6b971ae4 to
                  | 0.24-a0-585-g5c5dc1b5cb
 25069 | Snake:4  | Entered Level 4 of the Snake Pit
 25139 | Snake:4  | Received a gift from Trog
 25195 | Snake:4  | Noticed a nagaraja
 25205 | Snake:4  | Killed a nagaraja
 25220 | Snake:4  | Noticed a nagaraja
 25220 | Snake:4  | Noticed a nagaraja
 25255 | Snake:4  | Noticed a nagaraja
 25276 | Snake:4  | Killed a nagaraja
 25277 | Snake:4  | HP: 5/147 [naga sharpshooter/bolt (24)]
 25313 | Snake:4  | HP: 6/147 [anaconda (2)]
 25316 | Snake:4  | Killed from afar by a nagaraja

Levels and vault maps discovered:
D:1:      ncdulo_smallfort, layout_basic, chequers_serial_rivers_room_a,
          xom_teletrap_fun
D:2:      layout_loops_cross, minitemple, chequers_ecumenical_altar_island,
          grunt_gozag_statues, uniq_crazy_yiuf_cottage
D:3:      layout_loops_cross, first_ration, uniq_robin
D:4:      layout_loops_ring, minmay_temple_entry_glass, serial_forest,
          infiniplex_forest_end_1, infiniplex_forest_end_2,
          infiniplex_forest_clump_medium, infiniplex_forest_clump_tiny,
          infiniplex_forest_clump_curved, infiniplex_forest_straight_3,
          infiniplex_forest_zigzag_1, infiniplex_forest_clump_medium,
          infiniplex_forest_lined_room_3, infiniplex_forest_zigzag_1,
          grunt_tough_drop, uniq_grinder
D:5:      layout_loops_ring, marbit_many_paths, uniq_edmund
D:6:      minmay_chambers_of_threes, layout_basic, minmay_misc_feat_iff
D:7:      corexii_shantytown, layout_loops_ring
D:8:      layout_cave_pods
D:9:      layout_loops_cross, basic_altar, serial_aquarium,
          aquarium_bridge_square [aquarium_subvault_balcony,
          aquarium_subvault_bridge, aquarium_subvault_wall,
          aquarium_subvault_bridge], aquarium_window_corridor_2,
          aquarium_window_fake, aquarium_view_2d, aquarium_balcony_3a,
          aquarium_pool_1
D:10:     layout_roguey, serial_ice, serial_ice_j, serial_ice_e, serial_ice_o,
          serial_ice_f, enter_trove_6
D:11:     layout_cave_pools, lair_entry_dummy, minmay_hedge_maze,
          grunt_ogre_cave
D:12:     layout_gridville, orc_0_dummy, onia_ninara_cookie, uniq_fannar,
          uniq_sonja, uniq_nessos
Temple:   dpeg_five_rooms_temple
Lair:1:   layout_regular_city, portal_ice_cave_entry_pillars_2,
          lemuel_fruit_tree, serial_bayou_shore_a
Lair:2:   layout_roguey, minmay_snake_entry_guardpost_medium, grunt_megastairs_3
Lair:3:   beast_lair_carwin_large_1, layout_hall_layers,
          minmay_shoals_entry_beasts, hibernation_bobbens
Lair:4:   layout_cave_pods
Lair:5:   layout_roguey, basic_altar, gammafunk_ghost_wrathful_warriors
Lair:6:   wormcave, layout_layer_cave, guppyfry_lair_end_dragon,
          nicolae_slime_entry_slimehenge, kilobyte_rumbling_trees
Snake:1:  layout_rooms, minmay_shop_grove
Snake:2:  gammafunk_sealed_library, layout_basic
Snake:3:  layout_layer_cave, nicolae_snake_squiggles
Snake:4:  snake_pit, layout_misc_corridors
Orc:1:    layout_diamond_mine, serial_shops, nicolae_shop_stone
Orc:2:    grunt_orc_tribal_feast, layout_diamond_mine, serial_shops, shop,
          ebering_ghost_reflecting_pool, basic_altar

Skill      XL: |  1  2  3  4  5  6  7  8  9 10 11 12 13 14 15 16 |
---------------+-------------------------------------------------+-----
Axes           | 3 4 5 6 7 9 11 14 15 17 18 | 18.6
Fighting       | 4 5 6 7 9 10 11 12 14 | 14.9
Shields        | 4 5 6 8 9 10 11 12 13 | 13.6
Armour         | 4 5 6 7 8 9 10 11 12 | 12.5
Throwing       | 2 3 4 5 6 |  6.3
Maces & Flails | 2 5 9 10 11 | 11.1
Evocations     | 4 6 7 8 |  8.5

Action                   |  1- 3 |  4- 6 |  7- 9 | 10-12 | 13-15 | 16-18 || total
-------------------------+-------+-------+-------+-------+-------+-------++-------
Melee: War axe           |    60 |   181 |   365 |   655 |   732 |   197 ||  2190
       Morningstar       |       |       |       |    11 |   316 |       ||   327
       Broad axe         |       |       |       |       |   147 |       ||   147
Throw: Dart              |       |       |    55 |    80 |    79 |    16 ||   230
Invok: Berserk           |       |       |     2 |    11 |    20 |     3 ||    36
       Brothers in Arms  |       |       |       |       |     1 |     2 ||     3
       Trog's Hand       |       |       |       |       |       |     1 ||     1
Evoke: Wand              |       |       |       |     1 |     8 |     1 ||    10
  Use: Potion            |     2 |     3 |       |     2 |     7 |     9 ||    23
       Scroll            |       |     1 |     8 |     7 |    24 |     4 ||    44
  Eat: Chunk             |       |     7 |     3 |    18 |    25 |       ||    53
       Ration            |       |     1 |     3 |     4 |     8 |     3 ||    19
Armor: Scale mail        |    18 |    87 |       |       |       |       ||   105
       Chain mail        |       |     3 |    64 |       |       |       ||    67
       Plate armour      |       |       |    59 |   216 |   420 |    97 ||   792
Dodge: Dodged            |    26 |    65 |    94 |   201 |   385 |    68 ||   839
Block: Shield            |    31 |   114 |   165 |   295 |   690 |   142 ||  1437

Table legend:
 A = Non-vault XP
 B = Vault XP
 C = Vault XP percentage of total XP
 D = Non-vault monster count
 E = Vault monster count
 F = Vault count percentage of total count
                 A         B        C        D         E       F
            +---------+---------+-------+---------+---------+-------
      Total |  100956 |   66702 |  39.8 |     546 |     230 |  29.6
            +---------+---------+-------+---------+---------+-------
        D:1 |      33 |       0 |   0.0 |      12 |       0 |   0.0
        D:2 |      99 |      40 |  28.8 |      25 |       1 |   3.8
        D:3 |     130 |      34 |  20.7 |      22 |      11 |  33.3
        D:4 |     178 |     582 |  76.6 |       9 |       7 |  43.8
        D:5 |     416 |     167 |  28.6 |      11 |       2 |  15.4
        D:6 |    1072 |     438 |  29.0 |      23 |       8 |  25.8
        D:7 |    1124 |      96 |   7.9 |      22 |      23 |  51.1
        D:8 |    3412 |       0 |   0.0 |      30 |       0 |   0.0
        D:9 |    2632 |       0 |   0.0 |      38 |       0 |   0.0
       D:10 |    1585 |     847 |  34.8 |      17 |      11 |  39.3
       D:11 |    5807 |     899 |  13.4 |      44 |       1 |   2.2
       D:12 |    2179 |    5413 |  71.3 |      23 |      20 |  46.5
     Lair:1 |    2581 |       0 |   0.0 |       9 |       0 |   0.0
     Lair:2 |    6659 |    1384 |  17.2 |      30 |       7 |  18.9
     Lair:3 |    1493 |    2600 |  63.5 |       5 |      12 |  70.6
     Lair:4 |    2248 |       0 |   0.0 |      10 |       0 |   0.0
     Lair:5 |    3745 |       0 |   0.0 |      16 |       0 |   0.0
     Lair:6 |   16122 |   12090 |  42.9 |      51 |      45 |  46.9
    Snake:1 |   13156 |       0 |   0.0 |      27 |       0 |   0.0
    Snake:2 |    8598 |   16143 |  65.2 |      14 |      15 |  51.7
    Snake:3 |    7945 |       0 |   0.0 |      19 |       0 |   0.0
    Snake:4 |   10452 |   15937 |  60.4 |      20 |      27 |  57.4
      Orc:1 |    5909 |       0 |   0.0 |      47 |       0 |   0.0
      Orc:2 |    3381 |    7322 |  68.4 |      22 |      30 |  57.7
      IceCv |       0 |    2710 | 100.0 |       0 |      10 | 100.0
            +---------+---------+-------+---------+---------+-------
